[Event "ICC tourney 2532 (25 5)"]
[Site "Internet Chess Club"]
[Date "2021.04.25"]
[Round "7"]
[White "DESAI, RIYA:K12-16115845"]
[Black "RAFAEL SANTOS, ENERIO:K12-16804573"]
[Result "1-0"]
[ICCResult "Black checkmated"]
[WhiteElo "992"]
[BlackElo "443"]
[Opening "Scotch opening"]
[ECO "C44"]
[NIC "KP.10"]
[Time "15:00:36"]
[PlyCount "41"]
[TimeControl "1500+5"]

1. e4 e5 2. Nf3 Nc6 3. d4 d6 4. Bc4 Bg4 5. d5 Bxf3 6. Qxf3 Nd4 7. Qd1 Qf6
8. O-O O-O-O 9. c3 b5 10. Bd3 Ne7 11. cxd4 exd4 12. Bxb5 Qg6 13. Qxd4 c5
14. dxc6 d5 15. exd5 Rxd5 16. Qxa7 Rxb5 17. Qa6+ Kc7 18. Bf4+ Kd8 19. Rd1+
Nd5 20. Qxb5 Kc8 21. Qb8# { Black checkmated } 1-0

[Event "ICC tourney 2532 (25 5)"]
[Site "Internet Chess Club"]
[Date "2021.04.25"]
[Round "7"]
[White "LADAN, NICHOLAS:K12-15092641"]
[Black "NAIR, ADVAIT:K12-15900267"]
[Result "1-0"]
[ICCResult "Black checkmated"]
[WhiteElo "2083"]
[BlackElo "1749"]
[Opening "Queen's bishop game"]
[ECO "D02"]
[NIC "QP.09"]
[Time "15:01:58"]
[PlyCount "67"]
[TimeControl "1500+5"]

1. Nf3 d5 2. d4 Nf6 3. Bf4 Bf5 4. c4 e6 5. Nc3 c5 6. cxd5 exd5 7. e3 Be7 8.
dxc5 Bxc5 9. Nd4 Bd7 10. Be2 O-O 11. O-O Nc6 12. Nb3 Bb6 13. Nxd5 Be6 14.
Nxb6 Qxb6 15. Bf3 Rfd8 16. Qe2 Bxb3 17. axb3 Qxb3 18. Ra3 Qe6 19. Qb5 Rd7
20. h3 Ne4 21. Rc1 Rc8 22. Bg4 Qe7 23. Bxd7 Qxd7 24. Rd3 Qe7 25. Rcd1 a6
26. Qf5 Re8 27. Rd7 Qe6 28. Qxe6 fxe6 29. Rxb7 Nf6 30. Rc1 Ne7 31. Rcc7
Nfd5 32. Rd7 Rb8 33. Bxb8 Nc8 34. Rd8# { Black checkmated } 1-0

[Event "ICC tourney 2532 (25 5)"]
[Site "Internet Chess Club"]
[Date "2021.04.25"]
[Round "7"]
[White "JONES, JAVADE:K12-16985577"]
[Black "WANG, LUKE:K12-14250470"]
[Result "1-0"]
[ICCResult "Black resigns"]
[WhiteElo "432"]
[BlackElo "2016"]
[Opening "Caro-Kann: Hillbilly attack"]
[ECO "B10"]
[NIC "CK.01"]
[Time "15:01:39"]
[PlyCount "105"]
[TimeControl "1500+5"]

1. e4 c6 2. Bc4 d5 3. exd5 cxd5 4. Bb3 Nc6 5. Ne2 Nf6 6. O-O Bf5 7. d3 e6
8. Nbc3 Bd6 9. Bf4 a6 10. a4 O-O 11. Na2 Qc7 12. Bxd6 Qxd6 13. c4 Rfd8 14.
cxd5 Nxd5 15. Qd2 Nf6 16. Rfd1 Qxd3 17. Qxd3 Bxd3 18. Nf4 Bf5 19. Rxd8+
Rxd8 20. Rd1 Rxd1+ 21. Bxd1 g5 22. Ne2 Nd5 23. Nac3 Nxc3 24. Nxc3 Nd4 25.
f3 a5 26. Kf2 e5 27. g4 Be6 28. Ne4 h6 29. Nc5 Bd5 30. Nd7 Kg7 31. Nxe5 Kf6
32. Nd7+ Ke6 33. Nb6 Bc6 34. Ke3 Ke5 35. Nc4+ Kd5 36. Nxa5 Ne6 37. Bb3+ Kd6
38. Bxe6 fxe6 39. Nxc6 Kxc6 40. Kd4 e5+ 41. Kxe5 Kc5 42. Kf5 Kb4 43. Kg6
Kxa4 44. Kxh6 Kb3 45. Kxg5 Kxb2 46. f4 b5 47. f5 b4 48. f6 b3 49. f7 Kc2
50. f8=Q b2 51. Qf2+ Kc1 52. Qxb2+ Kxb2 53. Kf4 { Black resigns } 1-0

[Event "ICC tourney 2532 (25 5)"]
[Site "Internet Chess Club"]
[Date "2021.04.25"]
[Round "7"]
[White "VOLETI, RAGHURAM:K12-17216716"]
[Black "CHENG, ERIC:K12-16921202"]
[Result "0-1"]
[ICCResult "White checkmated"]
[WhiteElo "598"]
[BlackElo "1361"]
[Opening "Giuoco Piano: four knights variation"]
[ECO "C47"]
[NIC "KP.06"]
[Time "15:01:40"]
[PlyCount "100"]
[TimeControl "1500+5"]

1. e4 e5 2. Nf3 Nc6 3. Nc3 Nf6 4. Bc4 Bc5 5. O-O O-O 6. h3 d6 7. d3 h6 8.
Be3 Bb6 9. a3 Be6 10. Bb5 Qd7 11. b4 a6 12. Ba4 Ba7 13. d4 exd4 14. Nxd4 b5
15. Ncxb5 axb5 16. Bxb5 Bxd4 17. Bxd4 Nxe4 18. c3 Rab8 19. Ba4 d5 20. f3
Ng3 21. Re1 Rfd8 22. Rb1 Nf5 23. Be5 Rb6 24. Bd4 Nfxd4 25. cxd4 Qe7 26. b5
Na5 27. Qd2 Nc4 28. Qb4 Qxb4 29. axb4 Ra8 30. Ra1 Nb2 31. Reb1 Rxa4 32.
Rxa4 Nxa4 33. Ra1 Nc3 34. Rc1 Ne2+ 35. Kf1 Nxc1 36. Kf2 Rxb5 37. Ke3 Rxb4
38. g3 Nb3 39. g4 Rxd4 40. f4 c5 41. f5 Bxf5 42. gxf5 c4 43. f6 Rd3+ 44.
Kf4 c3 45. fxg7 c2 46. Ke5 c1=Q 47. Kd6 Qc5+ 48. Kd7 Re3 49. Kd8 Re7 50. h4
Qc7# { White checkmated } 0-1

[Event "ICC tourney 2532 (25 5)"]
[Site "Internet Chess Club"]
[Date "2021.04.25"]
[Round "7"]
[White "SEO, CHRISTOPHER:K12-15644992"]
[Black "TSYGANOVA, MARGARITA:K12-15922341"]
[Result "0-1"]
[ICCResult "White resigns"]
[WhiteElo "1008"]
[BlackElo "1616"]
[Opening "French: exchange variation"]
[ECO "C01"]
[NIC "FR.01"]
[Time "15:01:25"]
[PlyCount "94"]
[TimeControl "1500+5"]

1. e4 e6 2. d4 d5 3. exd5 exd5 4. Be3 Nf6 5. Nf3 Bd6 6. Nc3 c6 7. Qd2 Bf5
8. Bd3 Bxd3 9. Qxd3 O-O 10. O-O-O Ng4 11. Bd2 Nxf2 12. Qf5 Nxd1 13. Nxd1
Nd7 14. Bg5 Be7 15. h4 Nf6 16. h5 Ne4 17. Be3 Ng3 18. Qg4 Nxh1 19. Bh6 Bf6
20. Bxg7 Bxg7 21. h6 Qf6 22. hxg7 Qxg7 23. Qf5 Ng3 24. Qd7 Ne2+ 25. Kb1 Qh6
26. Qg4+ Kh8 27. Ng5 Rae8 28. a3 f6 29. Ne6 Rxe6 30. Qxe6 Qc1+ 31. Ka2 Qxd1
32. Qe7 Kg8 33. g4 Qxc2 34. g5 Qc4+ 35. Kb1 Qc1+ 36. Ka2 Qxg5 37. Qxe2 Rf7
38. Qe8+ Kg7 39. Qa8 a6 40. Qd8 Qc1 41. Qd6 Qc4+ 42. b3 Qc2+ 43. Ka1 Qd1+
44. Kb2 Qxd4+ 45. Kc2 Qe4+ 46. Kc3 Qe5+ 47. Qxe5 fxe5 { White resigns } 0-1

[Event "ICC tourney 2532 (25 5)"]
[Site "Internet Chess Club"]
[Date "2021.04.25"]
[Round "7"]
[White "NIRAG SHAH, ARYA:K12-17096474"]
[Black "BENDRE, SOHAN ANUP:K12-14940058"]
[Result "1-0"]
[ICCResult "Black checkmated"]
[WhiteElo "1975"]
[BlackElo "1525"]
[Opening "Trompowsky attack (Ruth, Opocenský opening)"]
[ECO "A45"]
[NIC "QP.07"]
[Time "15:01:05"]
[PlyCount "117"]
[TimeControl "1500+5"]

1. d4 Nf6 2. Bg5 d5 3. e3 Nbd7 4. Nd2 g6 5. h4 Bg7 6. Bd3 b6 7. Ngf3 Bb7 8.
Ne5 Nxe5 9. dxe5 Nd7 10. e6 fxe6 11. h5 Ne5 12. hxg6 Nxd3+ 13. cxd3 hxg6
14. Rxh8+ Bxh8 15. Qc2 e5 16. O-O-O Qd6 17. f4 Qc6 18. Rh1 Qxc2+ 19. Kxc2
Kd7 20. Nf3 exf4 21. exf4 Bf6 22. Bxf6 exf6 23. Rh7+ Ke6 24. Nd4+ Kd6 25.
Nb5+ Kc6 26. a4 Kc5 27. Rxc7+ Kb4 28. Rxb7 Kxa4 29. Nc3+ Kb4 30. Nxd5+ Kc5
31. Nc3 Kd6 32. Rg7 Rc8 33. Rxg6 b5 34. Kd2 Ke6 35. Ne4 Rf8 36. g4 a5 37.
g5 Kf7 38. Rxf6+ Kg7 39. Rxf8 Kxf8 40. f5 a4 41. f6 b4 42. g6 a3 43. bxa3
bxa3 44. Nc3 Kg8 45. Na2 Kf8 46. Ke3 Kg8 47. Kf4 Kf8 48. Ke5 Kg8 49. Ke6
Kf8 50. d4 Kg8 51. d5 Kf8 52. d6 Ke8 53. g7 Kd8 54. f7 Kc8 55. g8=Q+ Kb7
56. f8=Q Kc6 57. Qc8+ Kb6 58. Qgd8+ Ka7 59. Qdc7# { Black checkmated } 1-0

[Event "ICC tourney 2532 (25 5)"]
[Site "Internet Chess Club"]
[Date "2021.04.25"]
[Round "7"]
[White "PRAKASH SINGH, AAYUSH:K12-14598152"]
[Black "CARMINA, JONATHAN:K12-15466693"]
[Result "0-1"]
[ICCResult "White resigns"]
[WhiteElo "1787"]
[BlackElo "1183"]
[Opening "French defense"]
[ECO "C01"]
[NIC "FR.01"]
[Time "15:00:38"]
[PlyCount "60"]
[TimeControl "1500+5"]

1. e4 e6 2. d4 Nc6 3. d5 exd5 4. exd5 Ne5 5. Bf4 Qf6 6. Bg3 Ne7 7. Nc3 Nf5
8. Bf4 Bb4 9. Qd2 O-O 10. O-O-O Re8 11. Re1 Kf8 12. Nf3 d6 13. Nxe5 dxe5
14. Bg5 Bxc3 15. bxc3 Qb6 16. Bd3 Qa5 17. Kb1 Qxd5 18. g4 Nd6 19. f4 e4 20.
Qg2 Bxg4 21. Bxe4 Nxe4 22. Qxg4 Nf2 23. Qh4 Nxh1 24. Be7+ Kg8 25. Qg4 Nf2
26. Qg3 Ne4 27. Qh4 Nxc3+ 28. Kb2 Ne2 29. Bb4 Qd4+ 30. Kb3 Qxf4 { White
resigns } 0-1

[Event "ICC tourney 2532 (25 5)"]
[Site "Internet Chess Club"]
[Date "2021.04.25"]
[Round "7"]
[White "SHKLOVER, DIANA:K12-14672010"]
[Black "VILLASENOR, ERIK:K12-14984325"]
[Result "1-0"]
[ICCResult "Black resigns"]
[WhiteElo "1527"]
[BlackElo "851"]
[Opening "QGD: Capablanca-Duras variation"]
[ECO "D02"]
[NIC "QP.08"]
[Time "15:01:06"]
[PlyCount "81"]
[TimeControl "1500+5"]

1. d4 d5 2. Nf3 e6 3. c4 Nf6 4. Bg5 h6 5. Bh4 Be7 6. Nc3 Nc6 7. e3 O-O 8.
a3 Na5 9. cxd5 Nxd5 10. Bxe7 Qxe7 11. Nxd5 exd5 12. Bd3 Bg4 13. h3 Bxf3 14.
Qxf3 c6 15. b4 Nc4 16. Qg4 Nb2 17. Bc2 Nc4 18. O-O Nd2 19. Rfe1 Rfe8 20.
Re2 Nc4 21. Bd3 Nb2 22. Rxb2 b6 23. Rc1 c5 24. dxc5 bxc5 25. Rxc5 Rad8 26.
Qd4 Qe5 27. Qxe5 Rxe5 28. Bc4 Kh8 29. Rd2 Rde8 30. Rcxd5 Rxd5 31. Rxd5 Rc8
32. Rc5 Rd8 33. Bxf7 Rd1+ 34. Kh2 Rd3 35. Bg6 Rd8 36. e4 Rf8 37. e5 Kg8 38.
e6 Rf6 39. Rc8+ Rf8 40. Bh7+ Kxh7 41. Rxf8 { Black resigns } 1-0

[Event "ICC tourney 2532 (25 5)"]
[Site "Internet Chess Club"]
[Date "2021.04.25"]
[Round "7"]
[White "ORUGANTI, SURAJ:K12-15521792"]
[Black "HUNG, DANIEL:K12-14504425"]
[Result "1/2-1/2"]
[ICCResult "Game drawn by mutual agreement"]
[WhiteElo "1771"]
[BlackElo "2185"]
[Opening "French: exchange variation"]
[ECO "C01"]
[NIC "FR.01"]
[Time "15:02:01"]
[PlyCount "51"]
[TimeControl "1500+5"]

1. e4 e6 2. d4 d5 3. exd5 exd5 4. Nf3 Bd6 5. c4 dxc4 6. Bxc4 Nf6 7. O-O O-O
8. h3 h6 9. Nc3 Nc6 10. Qc2 Ne7 11. Ne5 c6 12. Re1 Qc7 13. Bf4 Ned5 14.
Bxd5 Nxd5 15. Nxd5 cxd5 16. Qb3 Be6 17. Qg3 Kh7 18. Rac1 Qb6 19. Nd7 Bxd7
20. Bxd6 Rfe8 21. Rxe8 Bxe8 22. b4 Bc6 23. a4 a6 24. Qf4 Kg8 25. a5 Qd8 26.
Re1 { Game drawn by mutual agreement } 1/2-1/2

[Event "ICC tourney 2532 (25 5)"]
[Site "Internet Chess Club"]
[Date "2021.04.25"]
[Round "7"]
[White "DENG, GRACE:K12-16640696"]
[Black "SAMUEL PLATNICK, ELIJAH:K12-15208013"]
[Result "0-1"]
[ICCResult "White checkmated"]
[WhiteElo "1438"]
[BlackElo "2015"]
[Opening "Ruy Lopez: fianchetto defense deferred"]
[ECO "C70"]
[NIC "RL.09"]
[Time "15:00:18"]
[PlyCount "88"]
[TimeControl "1500+5"]

1. e4 e5 2. Nf3 Nc6 3. Bb5 a6 4. Ba4 g6 5. O-O Bg7 6. c3 Nge7 7. d4 exd4 8.
cxd4 b5 9. Bc2 d6 10. h3 O-O 11. a3 Na5 12. Nc3 c5 13. Be3 Nc4 14. Rb1 Nxe3
15. fxe3 Bb7 16. Qe2 Qb6 17. Qf2 Nc6 18. d5 Ne5 19. Nxe5 Bxe5 20. Ne2 a5
21. Nf4 b4 22. axb4 axb4 23. Nd3 Bg7 24. b3 Ra2 25. Rbc1 Ba6 26. Qf3 Rxc2
27. Rxc2 Bxd3 28. Rcf2 Bxf1 29. Rxf1 Qb5 30. Qg4 Qd3 31. Qd7 Qxe3+ 32. Kh1
Qg3 33. Qe7 Be5 34. Kg1 Qxb3 35. Qg5 Qg3 36. Qd2 b3 37. Rb1 Qc3 38. Qd1 b2
39. Qf1 Qe3+ 40. Kh1 Ra8 41. Qd1 Ra1 42. Qf1 Rxb1 43. Qxb1 Qc1+ 44. Qxc1
bxc1=Q# { White checkmated } 0-1

[Event "ICC tourney 2532 (25 5)"]
[Site "Internet Chess Club"]
[Date "2021.04.25"]
[Round "7"]
[White "ZEREGA, LUCA:K12-16005458"]
[Black "ANGELA ZHENG, CARISSA:K12-15612136"]
[Result "0-1"]
[ICCResult "White checkmated"]
[WhiteElo "1285"]
[BlackElo "1974"]
[Opening "Caro-Kann defense"]
[ECO "B10"]
[NIC "CK.01"]
[Time "15:01:04"]
[PlyCount "144"]
[TimeControl "1500+5"]

1. e4 c6 2. Nf3 d5 3. e5 Bg4 4. d4 e6 5. Be2 c5 6. O-O Bxf3 7. Bxf3 cxd4 8.
Qxd4 Nc6 9. Qf4 Qc7 10. Re1 Nge7 11. Qg3 g6 12. Nc3 a6 13. Be3 d4 14. Ne4
Nf5 15. Qg5 Bh6 16. Nd6+ Nxd6 17. Qxh6 Nf5 18. Qg5 dxe3 19. Bxc6+ bxc6 20.
Qf6 O-O 21. fxe3 Qe7 22. Rad1 Qxf6 23. exf6 Rfd8 24. e4 Rxd1 25. Rxd1 Ne3
26. Rd2 Ng4 27. Rd6 Rc8 28. c4 Nxf6 29. e5 Ng4 30. Rd7 Nxe5 31. Ra7 Nxc4
32. b3 Ne3 33. Rxa6 c5 34. a4 Nc2 35. Rb6 Nd4 36. a5 Ra8 37. a6 Kg7 38. Kf2
Kf6 39. Ke3 Ke5 40. Kd3 Kd5 41. h3 Nc6 42. Rb7 Ne5+ 43. Kc3 Rxa6 44. Rc7
Rc6 45. Ra7 Ke4 46. Ra2 Rc7 47. Re2+ Kf5 48. Rf2+ Kg5 49. Re2 Nc6 50. Kc4
Nd4 51. Re5+ Kf6 52. Rxc5 Rxc5+ 53. Kxc5 Nxb3+ 54. Kc4 Nd2+ 55. Kd3 Nf1 56.
Ke2 Ng3+ 57. Kf3 Nh5 58. g4 Kg5 59. gxh5 Kxh5 60. Kg3 f5 61. Kf4 Kh4 62.
Ke5 Kxh3 63. Kxe6 f4 64. Kf6 f3 65. Kg7 f2 66. Kh6 f1=Q 67. Kg7 g5 68. Kh6
g4 69. Kh5 g3 70. Kh6 g2 71. Kh5 g1=Q 72. Kh6 Qg6# { White checkmated } 0-1

[Event "ICC tourney 2532 (25 5)"]
[Site "Internet Chess Club"]
[Date "2021.04.25"]
[Round "7"]
[White "ZHOU, LEONARDO:K12-30049875"]
[Black "TRAN, JACEY:K12-15174202"]
[Result "1-0"]
[ICCResult "Black resigns"]
[WhiteElo "847"]
[BlackElo "1538"]
[Opening "Sicilian"]
[ECO "B50"]
[NIC "SI.01"]
[Time "15:01:06"]
[PlyCount "49"]
[TimeControl "1500+5"]

1. e4 c5 2. Nf3 d6 3. c3 Nf6 4. Qc2 e6 5. d4 cxd4 6. cxd4 Nbd7 7. Nc3 Qc7
8. Bd3 Be7 9. O-O O-O 10. Re1 e5 11. dxe5 dxe5 12. Bd2 b6 13. Rac1 Bb7 14.
Nd5 Qd6 15. Bb4 Nc5 16. Nxe7+ Qxe7 17. Bxc5 bxc5 18. Qxc5 Qe6 19. Qxe5 Qxa2
20. Ra1 Qb3 21. Rad1 Rfe8 22. Qf5 Qxb2 23. e5 Bxf3 24. exf6 Bxd1 25. Qxh7+
{ Black resigns } 1-0

[Event "ICC tourney 2532 (25 5)"]
[Site "Internet Chess Club"]
[Date "2021.04.25"]
[Round "7"]
[White "HAN, JACOB:K12-14896205"]
[Black "YOGESH MEHTA, HARSHIL:K12-14612857"]
[Result "1-0"]
[ICCResult "Black resigns"]
[WhiteElo "1905"]
[BlackElo "1288"]
[Opening "English opening"]
[ECO "A20"]
[NIC "EO.24"]
[Time "15:01:05"]
[PlyCount "59"]
[TimeControl "1500+5"]

1. c4 e5 2. g3 c6 3. d4 exd4 4. Qxd4 Nf6 5. Bg2 Bb4+ 6. Nc3 O-O 7. Nf3 d5
8. O-O Bxc3 9. Qxc3 h6 10. Rd1 Be6 11. Bf4 Ne4 12. Qc2 Qb6 13. Be3 Qb4 14.
Nd4 Nd7 15. Nxe6 fxe6 16. Bxe4 Nf6 17. Bg2 Rad8 18. cxd5 Qg4 19. dxc6 Rc8
20. Rd4 Qh5 21. Bf3 Qe5 22. Rc4 bxc6 23. Bf4 Qb5 24. Rxc6 Rce8 25. a4 Qa5
26. b4 Qd8 27. Rd1 Nd5 28. Qb3 Qf6 29. Bxd5 exd5 30. Rxf6 { Black resigns }
1-0

[Event "ICC tourney 2532 (25 5)"]
[Site "Internet Chess Club"]
[Date "2021.04.25"]
[Round "7"]
[White "MANIACI, MARCO:K12-16925452"]
[Black "TEITELMAN, JACOB:K12-15145191"]
[Result "1-0"]
[ICCResult "Black resigns"]
[WhiteElo "1051"]
[BlackElo "1689"]
[Opening "QGD: Charousek (Petrosian) variation"]
[ECO "D31"]
[NIC "QP.08"]
[Time "15:01:25"]
[PlyCount "77"]
[TimeControl "1500+5"]

1. d4 d5 2. c4 e6 3. Nc3 Be7 4. cxd5 exd5 5. Bf4 Nf6 6. h3 O-O 7. Qc2 c6 8.
e3 Re8 9. Bd3 Nbd7 10. Nf3 Nf8 11. O-O Ne6 12. Bh2 Bd7 13. Rab1 Rc8 14. b4
g6 15. Na4 b6 16. Ba6 Ra8 17. Bb7 Ng7 18. Bxa8 Qxa8 19. Rb2 c5 20. bxc5
Bxa4 21. Qxa4 Rc8 22. cxb6 axb6 23. Qxa8 Rxa8 24. Ra1 Bd8 25. Rb5 Rc8 26.
Be5 Nge8 27. Bxf6 Nxf6 28. Ne1 Ne4 29. Rxd5 Nc3 30. Rd7 Bc7 31. Kf1 Kf8 32.
Rc1 Ke8 33. Rxf7 Kxf7 34. Rxc3 Ke7 35. Nd3 Kd8 36. Rc6 Ra8 37. Nb4 Kd7 38.
Rc2 Ra4 39. Nd5 { Black resigns } 1-0

[Event "ICC tourney 2532 (25 5)"]
[Site "Internet Chess Club"]
[Date "2021.04.25"]
[Round "7"]
[White "SARTORIO, WILLIAM:K12-14715380"]
[Black "CHUNG, CHRISTOPHER:K12-16687538"]
[Result "0-1"]
[ICCResult "White resigns"]
[WhiteElo "2063"]
[BlackElo "1732"]
[Opening "Giuoco Pianissimo"]
[ECO "C55"]
[NIC "IG.01"]
[Time "15:01:58"]
[PlyCount "112"]
[TimeControl "1500+5"]

1. e4 e5 2. Nf3 Nc6 3. Bc4 Nf6 4. d3 Bc5 5. c3 O-O 6. O-O a6 7. Bb3 d6 8.
Nbd2 Bd7 9. Re1 Re8 10. Nf1 Ba7 11. Ng3 h6 12. Nh4 Ng4 13. Nhf5 Nxf2 14.
Bxf7+ Kh8 15. Qh5 Nxd3+ 16. Kh1 Nf2+ 17. Kg1 Nxe4+ 18. Be3 Nxg3 19. hxg3
Bxf5 20. Bxe8 Bxe3+ 21. Rxe3 Qg5 22. Qxg5 hxg5 23. Rf1 Ne7 24. Bf7 g6 25.
Bc4 b5 26. Bb3 c5 27. c4 Rb8 28. Rd1 Rb6 29. Rd2 Kg7 30. Kf2 Kf6 31. Rf3 g4
32. Re3 Be6 33. cxb5 axb5 34. Bxe6 Kxe6 35. Red3 d5 36. Re2 e4 37. Ra3 Ke5
38. Ra7 Nc6 39. Ra8 Rb7 40. Rc8 Nd4 41. Re1 c4 42. Re8+ Ne6 43. Rg8 d4 44.
Rxg6 e3+ 45. Ke2 Rf7 46. Kd1 Rf2 47. Re2 Kf5 48. Rh6 Rf1+ 49. Re1 Rxe1+ 50.
Kxe1 d3 51. Rh5+ Ng5 52. Rh8 Ne6 53. Rh5+ Ke4 54. Rxb5 d2+ 55. Kd1 Kd3 56.
Re5 Nd4 { White resigns } 0-1

[Event "ICC tourney 2532 (25 5)"]
[Site "Internet Chess Club"]
[Date "2021.04.25"]
[Round "7"]
[White "GNANASUNDAR, SURIYA:K12-16467331"]
[Black "DUSK RUBENSTEIN, OLIVER:K12-14452644"]
[Result "1/2-1/2"]
[ICCResult "Game drawn because neither player has mating material"]
[WhiteElo "1300"]
[BlackElo "660"]
[Opening "King's Indian, 3.Nf3"]
[ECO "E60"]
[NIC "KI.80"]
[Time "15:01:45"]
[PlyCount "121"]
[TimeControl "1500+5"]

1. d4 Nf6 2. c4 g6 3. Nf3 Bg7 4. e3 O-O 5. Be2 d6 6. O-O Nbd7 7. Nc3 e5 8.
b3 Ne8 9. Bb2 f5 10. dxe5 dxe5 11. Qd5+ Kh8 12. Na4 c6 13. Qd2 Qe7 14. h3
Nef6 15. Rfd1 e4 16. Nh2 Ne5 17. Qd6 Qxd6 18. Rxd6 Re8 19. Bxe5 Rxe5 20.
Rd8+ Re8 21. Rad1 Be6 22. Rxa8 Rxa8 23. Nc5 Bc8 24. Rd8+ Ng8 25. g4 b6 26.
Ne6 Bb7 27. Rd7 Bc8 28. Rd8 Bb7 29. Rd7 Bc8 30. Rxg7 Bxe6 31. Rc7 c5 32.
Rc6 Bd7 33. Rd6 Rd8 34. gxf5 gxf5 35. Nf1 Kg7 36. Ng3 Nh6 37. Kg2 f4 38.
Nh5+ Kg8 39. Rxh6 f3+ 40. Kf1 Bxh3+ 41. Ke1 fxe2 42. Nf6+ Kf7 43. Rxh7+
Kxf6 44. Rxh3 Rd1+ 45. Kxe2 Ra1 46. Rh6+ Ke5 47. Rh5+ Ke6 48. Rh6+ Ke5 49.
Rh5+ Ke6 50. Rd5 Rxa2+ 51. Rd2 Rxd2+ 52. Kxd2 a6 53. Ke2 b5 54. cxb5 axb5
55. f3 exf3+ 56. Kxf3 Ke5 57. Ke2 Ke4 58. Kd2 c4 59. bxc4 bxc4 60. Kc3 Kxe3
61. Kxc4 { Game drawn because neither player has mating material } 1/2-1/2

[Event "ICC tourney 2532 (25 5)"]
[Site "Internet Chess Club"]
[Date "2021.04.25"]
[Round "7"]
[White "D DE LEON, CARLOS:K12-14987180"]
[Black "THOMAS JOHNSON, MATTHEW:K12-16703970"]
[Result "1-0"]
[ICCResult "Black resigns"]
[WhiteElo "1995"]
[BlackElo "1429"]
[Opening "Vienna game"]
[ECO "C28"]
[NIC "IG.04"]
[Time "15:01:05"]
[PlyCount "59"]
[TimeControl "1500+5"]

1. e4 e5 2. Bc4 Nc6 3. Nc3 Nf6 4. d3 h6 5. f4 exf4 6. Bxf4 d6 7. h3 Be6 8.
Bb3 Nd4 9. Nf3 Nxb3 10. axb3 c6 11. O-O Nd7 12. Qe1 Ne5 13. Nxe5 dxe5 14.
Bxe5 Bc5+ 15. Kh1 f6 16. Bf4 Qd7 17. Qg3 g5 18. Be3 Bd6 19. Qf2 Rf8 20.
Bxa7 Bxh3 21. gxh3 Qxh3+ 22. Kg1 g4 23. Bb6 g3 24. Qg2 Qxg2+ 25. Kxg2 Ke7
26. Rxa8 Rxa8 27. Be3 h5 28. Rh1 Rh8 29. Rh4 b5 30. Ne2 { Black resigns }
1-0

[Event "ICC tourney 2532 (25 5)"]
[Site "Internet Chess Club"]
[Date "2021.04.25"]
[Round "7"]
[White "AWASTHI, ATHARVA:K12-15383400"]
[Black "XU, JAYDEN:K12-15918365"]
[Result "0-1"]
[ICCResult "White resigns"]
[WhiteElo "1080"]
[BlackElo "1773"]
[Opening "Sicilian: Najdorf, Byrne (English) attack"]
[ECO "B90"]
[NIC "SI.14"]
[Time "15:01:00"]
[PlyCount "68"]
[TimeControl "1500+5"]

1. e4 c5 2. Nf3 d6 3. d4 cxd4 4. Nxd4 Nf6 5. Nc3 a6 6. Be3 e5 7. Nb3 Be6 8.
Be2 Nbd7 9. O-O Qc7 10. f4 Be7 11. f5 Bc4 12. g4 Bxe2 13. Qxe2 h6 14. h4
O-O-O 15. g5 hxg5 16. hxg5 Rdg8 17. Rf2 g6 18. gxf6 gxf5+ 19. Rg2 Nxf6 20.
Rf1 f4 21. Bxf4 exf4 22. Rxf4 d5 23. e5 Bc5+ 24. Nxc5 Qxc5+ 25. Rf2 Rxg2+
26. Kxg2 Rg8+ 27. Kf1 Ng4 28. Rxf7 Ne3+ 29. Ke1 Rg1+ 30. Kd2 Qd4+ 31. Qd3
Nc4+ 32. Ke2 Rg2+ 33. Ke1 Qh4+ 34. Kd1 Nxb2+ { White resigns } 0-1

[Event "ICC tourney 2532 (25 5)"]
[Site "Internet Chess Club"]
[Date "2021.04.25"]
[Round "7"]
[White "RAJARAM, ROHAN:K12-15739716"]
[Black "CHOI YOO, EUGENE:K12-14862820"]
[Result "0-1"]
[ICCResult "White checkmated"]
[WhiteElo "1905"]
[BlackElo "2191"]
[Opening "Nimzo-Indian: classical, 4...Nc6"]
[ECO "E33"]
[NIC "NI.24"]
[Time "15:01:05"]
[PlyCount "78"]
[TimeControl "1500+5"]

1. d4 Nf6 2. c4 e6 3. Nc3 Bb4 4. Qc2 Nc6 5. Nf3 Qe7 6. a3 Bxc3+ 7. Qxc3 d6
8. Bg5 h6 9. Bh4 e5 10. d5 Nb8 11. e3 O-O 12. Be2 Bg4 13. h3 Bh5 14. O-O g5
15. Bg3 Ne4 16. Qc2 Bg6 17. Qc1 Nxg3 18. fxg3 f5 19. Nd2 Nd7 20. g4 f4 21.
e4 Nf6 22. Bf3 Qh7 23. Re1 h5 24. Qd1 hxg4 25. Bxg4 Nxe4 26. Be6+ Kh8 27.
Nxe4 Bxe4 28. Qg4 Bf5 29. Qxg5 Bxe6 30. dxe6 Rae8 31. Kh2 Rxe6 32. Qg4 Rg6
33. Qf3 Rg3 34. Qf2 Qh4 35. Rf1 Rfg8 36. Rae1 f3 37. Re4 Rxg2+ 38. Qxg2
Rxg2+ 39. Kh1 Qxh3# { White checkmated } 0-1

[Event "ICC tourney 2532 (25 5)"]
[Site "Internet Chess Club"]
[Date "2021.04.25"]
[Round "7"]
[White "RAJA, ABHINAV:K12-16290326"]
[Black "LEE, RYAN:K12-15137336"]
[Result "1/2-1/2"]
[ICCResult "Game drawn by mutual agreement"]
[WhiteElo "1253"]
[BlackElo "1911"]
[Opening "Dunst (Sleipner, Heinrichsen) opening"]
[ECO "A00"]
[NIC "VO.15"]
[Time "15:00:41"]
[PlyCount "99"]
[TimeControl "1500+5"]

1. Nc3 d5 2. e4 d4 3. Nce2 c5 4. Nf3 Nc6 5. Ng3 e5 6. Bb5 Bd6 7. Bxc6+ bxc6
8. O-O c4 9. Qe2 Be6 10. d3 cxd3 11. Qxd3 h6 12. Nd2 Ne7 13. Nc4 Bc7 14. f4
exf4 15. Bxf4 Bxf4 16. Rxf4 Ng6 17. Rff1 O-O 18. Nf5 Bxc4 19. Qxc4 Qb6 20.
Qxd4 Rad8 21. Qxb6 axb6 22. Rad1 Ne5 23. h3 f6 24. Ne3 Rfe8 25. Rfe1 Ra8
26. a3 Ra4 27. Ng4 Nxg4 28. hxg4 Raxe4 29. Rxe4 Rxe4 30. Rd6 Rc4 31. c3 Kf8
32. Rd4 Rc5 33. Rb4 b5 34. Kf2 Re5 35. Kf3 Ke7 36. Re4 Kd6 37. Rxe5 Kxe5
38. Ke3 Kd5 39. b3 g6 40. a4 bxa4 41. bxa4 Kc5 42. Kd3 Kb6 43. Kc4 f5 44.
gxf5 gxf5 45. Kd4 Ka5 46. Ke5 Kxa4 47. Kxf5 Kb3 48. Kg6 Kxc3 49. Kxh6 Kd4
50. g4 { Game drawn by mutual agreement } 1/2-1/2

[Event "ICC tourney 2532 (25 5)"]
[Site "Internet Chess Club"]
[Date "2021.04.25"]
[Round "7"]
[White "LARA, SEBASTIAN:K12-17264378"]
[Black "WANG, RICHARD:K12-16267445"]
[Result "1-0"]
[ICCResult "Black checkmated"]
[WhiteElo "585"]
[BlackElo "1178"]
[Opening "Vienna game"]
[ECO "C25"]
[NIC "VG.04"]
[Time "15:01:56"]
[PlyCount "137"]
[TimeControl "1500+5"]

1. e4 e5 2. Nc3 d6 3. Bc4 Nf6 4. d3 Be7 5. f4 Nc6 6. Nf3 b6 7. O-O Bb7 8.
fxe5 Nxe5 9. Nxe5 dxe5 10. Bg5 h6 11. Bh4 Qd4+ 12. Bf2 Qd7 13. Kh1 O-O-O
14. Bxf7 Bd6 15. Bg6 Kb8 16. a4 Rdf8 17. Bf5 Qe7 18. a5 Bc5 19. axb6 cxb6
20. Bg3 Rhg8 21. Nb5 a6 22. Nc3 g5 23. d4 Bxd4 24. Qxd4 Ka8 25. Qxb6 Nd7
26. Bxd7 Rxf1+ 27. Rxf1 Qxd7 28. Bf2 Bc8 29. Nd5 Rg7 30. Qc5 Qe8 31. Nc7+
Rxc7 32. Qxc7 Qd7 33. Qxd7 Bxd7 34. Bc5 Bc6 35. Rf6 Bxe4 36. Rxa6+ Kb7 37.
Rxh6 g4 38. c3 Kc8 39. Bd6 Kd7 40. Bxe5 Ke7 41. b4 Kf7 42. c4 Bd3 43. c5
Bb5 44. Rf6+ Ke7 45. Rg6 Kf7 46. Rxg4 Ke6 47. Bd6 Kd5 48. h4 Bd7 49. Rf4
Kc6 50. h5 Be8 51. h6 Bg6 52. Rf7 Kb5 53. h7 Bxh7 54. Rxh7 Kc6 55. g4 Kb5
56. g5 Kc6 57. g6 Kb5 58. g7 Kc6 59. g8=Q Kb5 60. Rb7+ Kc6 61. Rc7+ Kb5 62.
Qb8+ Ka4 63. Ra7+ Kb3 64. Qg8+ Kc3 65. Be5+ Kd3 66. Qg4 Kc2 67. Qg3 Kb1 68.
Qd3+ Kc1 69. Ra1# { Black checkmated } 1-0